 Dungeon Crawl Stone Soup version 0.29-a0-330-g52719c12eb (webtiles) character file.

Game seed: 14696286317324002124

7393 kae the Transmogrifier (level 10, -6/73 HPs)
             Began as a Pale Draconian Transmuter on May 14, 2022.
             Was an Initiate of Ru.
             Killed from afar by a hellion (31 damage)
             ... with damnation
             ... on level 1 of the Abyss.
             The game lasted 00:11:54 (11349 turns).

kae the Transmogrifier (Pale Draconian Transmuter) Turns: 11349, Time: 00:11:54

Health: -6/73      AC: 14    Str: 14    XL:     10   Next: 92%
Magic:  20/20      EV: 12    Int: 15    God:    Ru [......]
Gold:   227        SH:  0    Dex: 13    Spells: 6/22 levels left

rFire   + . .      SeeInvis +     - Unarmed
rCold   . . .      Faith    .   (no shield)
rNeg    . . .      Spirit   .   (body armour unavailable)
rPois   .          Reflect  .   (helmet restricted)
rElec   +          Harm     .   (no cloak)
rCorr   .          Rampage  .   (no gloves)
Will    .....                   f - +2 pair of boots
Stlth   +.........              h - amulet of magic regeneration
HPRegen 0.22/turn               c - ring of see invisible
MPRegen 0.57/turn               k - ring of Conformity {rElec rF+ AC+4}

@: about to teleport
A: breathe steam, AC +7, unfitting armour, cold-blooded, steam resistance
a: Breathe Steam, Renounce Religion


You were on level 1 of the Abyss.
You worshipped Ru.
Ru was noncommittal.
You visited 2 branches of the dungeon, and saw 10 of its levels.
You visited the Abyss 1 time.

You collected 577 gold pieces.
You spent 350 gold pieces at shops.

Inventory:

Missiles
 a - a throwing net
Armour
 f - a +2 pair of boots (worn)
Jewellery
 c - a ring of see invisible (left hand)
 h - an amulet of magic regeneration (around neck)
 k - the ring of Conformity (right hand) {rElec rF+ AC+4}
   (You took it off an orc on level 3 of the Dungeon)

   [ring of protection]

   AC:        It affects your AC (+4).
   rF:        It protects you from fire.
   rElec:     It insulates you from electricity.
 m - a +4 ring of evasion
 x - an amulet of the acrobat
Wands
 j - a wand of paralysis (7)
 u - a wand of acid (13)
Scrolls
 i - a scroll of teleportation
 n - 2 scrolls of magic mapping
 r - 2 scrolls of enchant weapon
 t - 2 scrolls of fear
 v - 4 scrolls of identify
 w - a scroll of acquirement {unknown}
 y - a scroll of brand weapon {unknown}
Potions
 b - 6 potions of heal wounds
 d - 6 potions of curing
 e - 2 potions of flight
 g - a potion of resistance
 l - a potion of brilliance
 o - a potion of haste
 p - 2 potions of attraction
 q - a potion of berserk rage
 s - a potion of cancellation {unknown}


   Skills:
 + Level 2.2 Fighting
 + Level 2.4 Dodging
 + Level 7.7 Unarmed Combat
 + Level 6.8 Spellcasting
 * Level 10.4 Transmutations
 + Level 1.9 Fire Magic
 - Level 5.0 Ice Magic
 - Level 6.4 Poison Magic


You had 6 spell levels left.
You knew the following spells:

 Your Spells              Type           Power      Damage    Failure   Level
a - Beastly Appendage     Tmut           72%        N/A       1%          1
b - Wereblood             Tmut           36%        N/A       1%          2
c - Spider Form           Tmut/Pois      30%        N/A       1%          3
d - Ice Form              Ice/Tmut       28%        N/A       6%          4
e - Mephitic Cloud        Conj/Pois/Air  11%        N/A       17%         3
f - Ignite Poison         Fire/Tmut/Pois 23%        N/A       3%          3

Your spell library contained the following spells:

 Spells                   Type           Power      Damage    Failure   Level
 Ozocubu's Armour         Ice            20%        N/A       5%          3
 Animate Skeleton         Necr           10%        N/A       14%         1
 Apportation              Tloc           10%        N/A       14%         1
 Summon Small Mammal      Summ           20%        N/A       14%         1
 Metabolic Englaciation   Hex/Ice        6%         N/A       80%         5
 Freezing Cloud           Conj/Ice/Air   5%         6-21      88%         5
 Simulacrum               Ice/Necr       6%         N/A       100%        6
 Polar Vortex             Ice            10%        N/A       100%        9


Dungeon Overview and Level Annotations

Branches:
Dungeon (9/15)             Temple (1/1) D:7            Lair (0/6) D:9
    Orc: D:9-12

Altars:
Cheibriados
Dithmenos
Elyvilon
Fedhas
Gozag
Hepliaklqana
Kikubaaqudgha
Makhleb
Nemelex Xobeh
Okawaru
Qazlal
Ru
Sif Muna
Trog
Uskayaw
Wu Jian
Yredelemnul
Zin
The Shining One

Shops:
D:1 ?   D:5 [*(   D:6 *

Annotations:
D:5 3 runed translucent doors, DavidChitty2's ghost, novice MiFi; QuickerDeath's ghost, novice OgWr; initializr's ghost, amateur VSFi; initializr's ghost, novice DjAE
D:9 Psyche


Innate Abilities, Weirdness & Mutations

You can breathe blasts of scalding, opaque steam.
Your pale cyan-grey scales are hard. (AC +7)
You cannot fit into any form of body armour.
You are cold-blooded and may be slowed by cold attacks.
You are immune to the effects of steam.


Message History

Psyche laughs crazily.
Psyche hits you but does no damage. Space warps horribly around you!!
You are too injured to fight recklessly!
You are too injured to fight recklessly!
You are too injured to fight recklessly!
You are too injured to fight recklessly!
You are too injured to fight recklessly!
You barely miss Psyche.
Psyche is almost dead.
Psyche hits you but does no damage.
You are cast into the Abyss!
This branch contains the abyssal rune of Zot.
Unknown command.
Unknown command.
Unknown command.
Okay, then.
You start resting.
Magic restored.
A small abomination comes into view.
A shadow dragon zombie comes into view.
Your transformation is almost over.
A hellion comes into view.
The hellion gives a hideous shriek!
The hellion gestures at you.
The sphere of damnation explodes!
The damnation engulfs you!!!
You hear an angry squeal. x3; You hear a roar!
A hell hog comes into view.
As you read the scroll of teleportation, it crumbles to dust.
You feel strangely unstable.
You feel the power of the Abyss delaying your translocation!
The hellion gestures at you.
The sphere of damnation explodes!
The damnation engulfs you!!
* * * LOW HITPOINT WARNING * * *
You hear an angry squeal. x3; You hear a roar!
You feel much better.
You warm up again.
Your +2 pair of boots unmelds from your body.
The hellion gestures at you.
The sphere of damnation explodes!
The damnation engulfs you!!
You die... h

#. .# ..#. ##.
#.... ##..## ....
##..#.##..###
##...@.......#
#.....#......#
#8#.....#...... .
###8.2#.#.#...#
#######8.#......#
.. .
......#..##..#
.............
.... .......##..
..#.# #####...#
.....#


You could see a hellion.

Vanquished Creatures
  2 two-headed ogres
  Joseph (D:7)
  Maggie (D:7)
  2 hornets
  10 yaks
  4 water moccasins
  5 orc warriors
  2 sky beasts
  A black bear (D:7)
  2 ice beasts
  An ogre (D:5)
  5 centaurs
  A bullfrog (D:8)
  2 necrophages (D:7)
  A gnoll sergeant (D:7)
  2 scorpions
  9 wights
  3 killer bees (D:9)
  3 howler monkeys
  7 orc priests
  A gnoll shaman (D:7)
  2 hounds
  A jelly (D:5)
  5 iguanas
  7 orc wizards
  4 gnolls (D:7)
  8 adders
  A shadow imp (D:5)
  2 white imps
  An ufetubus (D:6)
  3 worms
  3 dart slugs
  29 orcs
  4 bats
  4 endoplasms
  A giant cockroach (D:2)
  5 goblins
  6 hobgoblins
  6 quokkas
  5 ball pythons
  5 frilled lizards
  4 kobolds
  4 rats
175 creatures vanquished.

Vanquished Creatures (others)
  Duvessa (D:7)
  A sky beast (D:7)
  Dowan (D:7)
  An orc (D:7)
  A fungus (D:2)
  2 withered plants (D:5)
7 creatures vanquished.

Grand Total: 182 creatures vanquished

Notes
Turn   | Place    | Note
-------+----------+-------------------------------------------
     0 | D:1      | kae the Draconian Transmuter began the quest for the Orb.
     0 | D:1      | Reached XP level 1. HP: 16/16 MP: 3/3
   403 | D:1      | Reached XP level 2. HP: 21/23 MP: 3/5
   677 | D:1      | Found Qudeig's Magic Scroll Emporium.
   685 | D:1      | Bought a scroll of identify for 22 gold pieces
  1326 | D:2      | Reached skill level 3 in Transmutations
  1326 | D:2      | Reached XP level 3. HP: 23/28 MP: 4/6
  1332 | D:2      | Learned a level 2 spell: Wereblood
  1336 | D:2      | Learned a level 3 spell: Spider Form
  2031 | D:2      | Found a faded altar of an unknown god.
  2404 | D:3      | Reached XP level 4. HP: 23/35 MP: 5/7
  2518 | D:3      | Found a shadowy altar of Dithmenos.
  2625 | D:3      | Noticed a sky beast
  2637 | D:3      | Killed a sky beast
  2638 | D:3      | Reached skill level 4 in Transmutations
  2638 | D:3      | Reached skill level 1 in Poison Magic
  2638 | D:3      | Reached XP level 5. HP: 39/40 MP: 9/9
  3140 | D:4      | Identified the ring of Conformity {rElec rF+ AC+4}
  3364 | D:3      | Reached XP level 6. HP: 43/47 MP: 5/10
  4494 | D:5      | Entered Level 5 of the Dungeon
  4500 | D:5      | Learned a level 4 spell: Ice Form
  4539 | D:5      | Found a runed translucent gate.
  4539 | D:5      | Found a runed translucent gate.
  4539 | D:5      | Found a runed translucent gate.
  4543 | D:5      | Noticed a yak
  4543 | D:5      | Noticed a yak
  4570 | D:5      | Killed a yak
  4571 | D:5      | Reached skill level 5 in Transmutations
  4571 | D:5      | Reached skill level 1 in Ice Magic
  4571 | D:5      | Your scales start taking on a pale cyan-grey colour.
  4571 | D:5      | Reached XP level 7. HP: 52/52 MP: 8/12
  4571 | D:5      | Gained mutation: You are immune to the effects of steam.
                  | [Pale Draconian growth]
  4714 | D:5      | Found a glowing silver altar of Zin.
  4716 | D:5      | Found a glowing golden altar of the Shining One.
  4783 | D:5      | Found Kuqak's Antique Armour Emporium.
  4802 | D:5      | Noticed initializr's ghost (novice DjAE)
  4802 | D:5      | Noticed initializr's ghost (amateur VSFi)
  4803 | D:5      | Noticed QuickerDeath's ghost (novice OgWr)
  4804 | D:5      | Noticed DavidChitty2's ghost (novice MiFi)
  4813 | D:5      | Noticed a yak
  4835 | D:5      | Noticed a yak
  4837 | D:5      | Noticed a yak
  4838 | D:5      | Killed a yak
  4838 | D:5      | Noticed a yak
  5009 | D:5      | Found Torocypn's General Store.
  5015 | D:5      | Found Mofoskot's Weapon Shop.
  5057 | D:5      | Bought a potion of might for 60 gold pieces
  5057 | D:5      | Bought a potion of berserk rage for 75 gold pieces
  5057 | D:5      | Bought a scroll of magic mapping for 52 gold pieces
  5057 | D:5      | Bought a scroll of identify for 30 gold pieces
  5155 | D:5      | Reached skill level 6 in Transmutations
  5234 | D:5      | Found a white marble altar of Elyvilon.
  5402 | D:5      | Killed a yak
  5403 | D:5      | Reached skill level 5 in Unarmed Combat
  5403 | D:5      | Reached XP level 8. HP: 56/59 MP: 10/14
  5660 | D:6      | Reached skill level 7 in Transmutations
  6157 | D:6      | Reached XP level 9. HP: 58/61 MP: 13/16
  6212 | D:6      | Reached skill level 5 in Spellcasting
  6282 | D:6      | Found a snail-covered altar of Cheibriados.
  6377 | D:6      | Noticed a two-headed ogre
  6386 | D:6      | Killed a two-headed ogre
  6387 | D:6      | Reached skill level 8 in Transmutations
  6700 | D:6      | Reached skill level 5 in Poison Magic
  6873 | D:6      | Found Gerojazubb's Assorted Antiques.
  6879 | D:6      | Bought a scroll labelled DAET FEIRAO for 37 gold pieces
  6879 | D:6      | Bought a scroll labelled DAET FEIRAO for 37 gold pieces
  6879 | D:6      | Bought a scroll labelled VYIGOXKINULU for 37 gold pieces
  7420 | D:7      | Noticed a two-headed ogre
  7433 | D:7      | Noticed Dowan
  7532 | D:7      | Killed Duvessa
  7573 | D:7      | Killed Dowan
  8040 | D:7      | Reached skill level 5 in Ice Magic
  8040 | D:7      | Reached XP level 10. HP: 57/71 MP: 14/18
  8170 | D:7      | Found a hide-covered altar of Uskayaw.
  8179 | D:7      | Reached skill level 9 in Transmutations
  8503 | D:7      | Found a staircase to the Ecumenical Temple.
  8577 | D:7      | Noticed Maggie
  8594 | D:7      | Killed Maggie
  8899 | D:7      | Noticed Joseph
  8908 | D:7      | Killed Joseph
  9304 | D:7      | Killed a two-headed ogre
  9744 | Temple   | Entered the Ecumenical Temple
  9758 | Temple   | Became a worshipper of Ru the Awakened
 10052 | D:8      | Reached skill level 10 in Transmutations
 10063 | D:8      | Learned a level 3 spell: Mephitic Cloud
 10067 | D:8      | Learned a level 3 spell: Ignite Poison
 10826 | D:9      | Found a staircase to the Lair.
 10844 | D:9      | Found a burning altar of Makhleb.
 10844 | D:9      | Noticed an Executioner
 10847 | D:9      | Noticed an orange demon
 10883 | D:9      | Reached skill level 1 in Fire Magic
 11282 | D:9      | Noticed Psyche
 11293 | D:9      | Cast into level 1 of the Abyss (Psyche)
 11346 | Abyss:1  | Noticed a hell hog
 11348 | Abyss:1  | HP: 4/87 [hellion/damnation (25)]
 11349 | Abyss:1  | Killed from afar by a hellion

Illustrated notes

Levels and vault maps discovered:
D:1:      tarquinn_simple_flora_water_c, layout_loops_corners, serial_shops,
          nicolae_square_shop
D:2:      layout_basic, shapermc_ecumenical_altar_rom_forum
D:3:      layout_loops_ring, nicolae_dithmenos_shadow_blocks,
          hangedman_decor_points
D:4:      layout_cave_pools, kennysheep_generic_room_7
D:5:      layout_gridville, dreamdust_divine_triumvirate,
          gammafunk_ghost_cemetery, serial_shops, nicolae_shop_behind_doors,
          nicolae_stop_n_shop_2, shop, nrook_pool_corridor, minivault_14
D:6:      layout_rooms, cheibrodos_worm_habitat, serial_shops,
          kennysheep_little_box, kennysheep_generic_room_13
D:7:      minmay_s_stair_smasher, layout_loops_ring, amcnicky_altar_gilded,
          temple_doors_e, lemuel_flamethrower_2, uniq_joseph, uniq_maggie,
          uniq_duvessa
D:8:      layout_loops_ring, bh_walls_and_bars
D:9:      layout_small_grid, led_xom_imps, lemuel_doored_altar,
          makhleb_altar_promises_db, lair_entry_dummy, chequers_jeans,
          lemuel_old_faithful, uniq_psyche
Temple:   nicolae_temple_no_exploring_needed
Abyss:1:  base: D:5, minivault_19

Skill      XL: |  1  2  3  4  5  6  7  8  9 10 |
---------------+-------------------------------+-----
Transmutations | 3 4 5 6 7 8 10 | 10.4
Spellcasting   | 3 4 5 6 |  6.8
Poison Magic   | 1 2 3 4 5 6 |  6.4
Unarmed Combat | 4 5 6 7 |  7.7
Ice Magic      | 1 2 3 5 |  5.0
Dodging        | 2 |  2.4
Fire Magic     | 1 |  1.9
Fighting       | 2 |  2.2

Action                   |  1- 3 |  4- 6 |  7- 9 | 10-12 || total
-------------------------+-------+-------+-------+-------++-------
Melee: Unarmed           |    96 |   129 |   221 |   132 ||   578
       Kick              |    12 |    22 |     1 |       ||    35
       Tailslap          |    11 |     6 |     4 |     1 ||    22
       Headbutt          |     4 |     6 |       |       ||    10
       Punch             |     3 |       |       |     1 ||     4
 Cast: Beastly Appendage |    19 |    15 |     3 |       ||    37
       Spider Form       |       |     6 |     9 |       ||    15
       Wereblood         |       |     5 |     1 |       ||     6
       Ice Form          |       |     1 |    16 |    18 ||    35
       Mephitic Cloud    |       |       |       |     6 ||     6
       Ignite Poison     |       |       |       |     3 ||     3
 Abil: Breathe Steam     |       |       |       |     8 ||     8
  Use: Scroll            |     2 |       |    12 |     4 ||    18
       Potion            |       |     1 |     1 |     1 ||     3
 Stab: Sleeping          |     1 |       |       |       ||     1
       Confused          |       |       |       |     2 ||     2
Armor: Skin              |    33 |    41 |    62 |    47 ||   183
Dodge: Dodged            |    56 |    87 |   126 |    54 ||   323

Table legend: (Time is in decaauts)
 A = Elapsed time spent in this place.
 B = Non-inter-level travel time spent in this place.
 C = Inter-level travel time spent in this place.
 D = Time resting spent in this place.
 E = Time spent auto-exploring this place.
 F = Levels seen in this place.
 G = Mean time per level.
                   A        B        C        D        E       F      G
               +--------+--------+--------+--------+--------+-----+--------+
         Total |  11306 |  11041 |    265 |   1653 |   7728 |  11 | 1027.8 |
       Dungeon |  11228 |  10983 |    245 |   1627 |   7728 |   9 | 1247.6 |
        Temple |     21 |      1 |     20 |      0 |      0 |   1 |   21.0 |
         Abyss |     55 |     55 |      0 |     26 |      0 |   1 |   55.0 |
               +--------+--------+--------+--------+--------+-----+--------+

Top non-repeatable levels by time:
     D:7: 2535 daAuts
     D:6: 1567 daAuts
     D:3: 1546 daAuts
     D:8: 1201 daAuts
     D:5: 1152 daAuts
     D:1: 1085 daAuts
     D:2: 1065 daAuts
     D:4: 785 daAuts
     D:9: 288 daAuts
 Abyss:1: 55 daAuts
  Temple: 21 daAuts
